 Dungeon Crawl Stone Soup version 0.28-a0-691-gad6df49e81 (webtiles) character file.

Game seed: 5749787484327737332

42 oldriver the Sneak (level 3, 0/18 HPs)
             Began as a Vine Stalker Brigand on Oct 21, 2021.
             Succumbed to an adder's poison
             ... on level 2 of the Dungeon.
             The game lasted 00:02:03 (1445 turns).

oldriver the Sneak (Vine Stalker Brigand)           Turns: 1445, Time: 00:02:04

Health: 0/18       AC:  3    Str: 13    XL:     3   Next: 54%
Magic:  3/4        EV: 12    Int: 11    God:
Gold:   51         SH:  0    Dex: 16    Spells: 2/2 levels left

rFire   . . .      SeeInvis .   a - +2 dagger
rCold   . . .      Faith    .   (no shield)
rNeg    . . .      Spirit   +   b - +0 robe
rPois   .          Reflect  .   (no helmet)
rElec   .          Harm     .   c - +0 cloak
rCorr   .          Rampage  .   (no gloves)
Will    .....                   (no boots)
Stlth   +++.......              (no amulet)
HPRegen 0.06/turn               (no ring)
MPRegen 0.09/turn               (no ring)

@: lethally poisoned (0 -> -5)
A: fangs 2, magic shield, antimagic bite, no potion heal 2
a: no special abilities


You were on level 2 of the Dungeon.
You visited 1 branch of the dungeon, and saw 2 of its levels.

You collected 51 gold pieces.

Inventory:

Hand Weapons
 a - a +2 dagger (weapon)
Missiles
 d - 22 poisoned darts (quivered)
 e - 2 curare-tipped darts
Armour
 b - a +0 robe (worn)
 c - a +0 cloak (worn)
Scrolls
 g - a scroll of fog {unknown}
 j - a scroll of identify {unknown}
 k - a scroll of magic mapping {unknown}
Potions
 f - a potion of invisibility {unknown}
 h - a potion of magic {unknown}
 i - a potion of degeneration {unknown}


   Skills:
 * Level 2.0 Fighting
 * Level 2.2 Short Blades
 + Level 1.8 Throwing
 + Level 1.2 Dodging
 * Level 5.7 Stealth


You had 2 spell levels left.
You didn't know any spells.
Your spell library was empty.

Dungeon Overview and Level Annotations

Branches:
Dungeon (2/15)

Altars:


Innate Abilities, Weirdness & Mutations

You have extremely sharp teeth.
When hurt, damage is shared between your health and your magic reserves.
Your bite disrupts and absorbs the magic of your enemies.
Potions cannot restore your health.


Message History

You are too injured to fight recklessly!
You are too injured to fight recklessly!
You are too injured to fight recklessly!
You are too injured to fight recklessly!
You are too injured to fight recklessly!
You are too injured to fight recklessly!
You are too injured to fight recklessly!
You are too injured to fight recklessly!
You are too injured to fight recklessly!
You are too injured to fight recklessly!
You are too injured to fight recklessly!
You miss the adder. You bite the adder. You drain its power.
You feel invigorated.
The adder is moderately wounded.
The adder bites you but does no damage.
You hit the adder. Your bite misses the adder.
The adder is heavily wounded.
The adder bites you.
You are poisoned.
The adder poisons you!
You miss the adder. You bite the adder. You drain its power.
You feel invigorated.
The adder is severely wounded.
You feel sick. The adder closely misses you.
The adder bites you but does no damage.
You completely miss the adder.
The adder is severely wounded.
You feel sick. The adder bites you.
* * * LOW HITPOINT WARNING * * *
You are lethally poisoned!
The adder poisons you!
You hit the adder.
You kill the adder!
* * * LOW HITPOINT WARNING * * *
You feel sick.
Your Dodging skill increases to level 1!
* * * LOW HITPOINT WARNING * * *
You feel sick.
You see here an adder corpse.
You die...

..##...........##
................######
..............#......#
#......)..##......#
#........###......#
##.#####...#......#
#####.# ###..†....#
....#.##### #..†$...#
..........# #...@...#
#####..##...........#
##.# ####.......#
#.### #.......#
#...####.......#
###...##########
###.## #.†#########
##.........#


There were no monsters in sight!

Vanquished Creatures
  An adder (D:2)
  A dart slug (D:1)
  3 endoplasms (D:1)
  2 giant cockroaches
  A goblin (D:2)
  3 hobgoblins (D:1)
  2 jackals (D:1)
  7 ball pythons
  3 bats (D:1)
  A frilled lizard (D:1)
  5 kobolds
  3 rats (D:1)
32 creatures vanquished.

Vanquished Creatures (others)
  A fungus (D:1)
1 creature vanquished.

Grand Total: 33 creatures vanquished

Notes
Turn   | Place    | Note
-------+----------+-------------------------------------------
     0 | D:1      | oldriver the Vine Stalker Brigand began the quest for the
                  | Orb.
     0 | D:1      | Reached XP level 1. HP: 11/11 MP: 2/2
    32 | D:1      | Found a faded altar of an unknown god.
    39 | D:1      | Reached skill level 5 in Stealth
   206 | D:1      | Reached XP level 2. HP: 1/15 MP: 1/3
  1163 | D:1      | Reached XP level 3. HP: 16/18 MP: 2/4
  1444 | D:2      | Reached skill level 1 in Dodging
  1445 | D:2      | Succumbed to an adder's poison

Illustrated notes

Levels and vault maps discovered:
D:1:      amcnicky_arrival_flooded_fountain, layout_basic,
          shapermc_ecumenical_altar_ellora
D:2:      layout_rooms

Skill      XL: |  1  2  3 |
---------------+----------+-----
Stealth        | 5 |  5.7
Short Blades   | 2 |  2.2
Fighting       | 2 |  2.0
Dodging        | 1 |  1.2
Throwing       | |  1.8

Action                   || total
-------------------------++-------
Melee: Dagger            ||   102
       Bite              ||    19
 Stab: Sleeping          ||     6
Armor: Robe              ||    32
Dodge: Dodged            ||    65

Table legend: (Time is in decaauts)
 A = Elapsed time spent in this place.
 B = Non-inter-level travel time spent in this place.
 C = Inter-level travel time spent in this place.
 D = Time resting spent in this place.
 E = Time spent auto-exploring this place.
 F = Levels seen in this place.
 G = Mean time per level.
                   A        B        C        D        E       F      G
               +--------+--------+--------+--------+--------+-----+--------+
         Total |   1434 |   1434 |      0 |    376 |    813 |   2 |  717.0 |
       Dungeon |   1434 |   1434 |      0 |    376 |    813 |   2 |  717.0 |
               +--------+--------+--------+--------+--------+-----+--------+

Top non-repeatable levels by time:
     D:1: 1303 daAuts
     D:2: 130 daAuts
